[Event "Romanian Championship 2024"]
[Site "Eforie Nord"]
[Date "2024.03.01"]
[Round "8.18"]
[White "Visanescu, Dragos-Nicholas"]
[Black "Coicev, Matei-Andrei"]
[Result "0-1"]
[ECO "B13"]
[WhiteElo "1759"]
[BlackElo "2122"]
[Annotator "RC"]
[PlyCount "104"]
[EventDate "2024.02.24"]
[EventType "swiss"]
[EventCountry "ROU"]
[SourceTitle "playchess.com"]
[Source "ChessBase"]
[SourceQuality "1"]
[TimeControl "40/5400+30:900+30"]

1. e4 c6 2. d4 d5 3. exd5 cxd5 4. Bd3 Nc6 5. c3 Nf6 6. Bf4 Bg4 7. Qb3 e5 8. h3 Na5 9. Qc2 exf4 10. hxg4 Nxg4 11. Nf3 g6 12. Rh4 h5 13. Nbd2 Bg7 14. Kf1 O-O 15. Re1 Re8 16. Rxe8+ Qxe8 17. Nh2 Bf6 18. Rh3 Kg7 19. Be2 Qe6 20. Qd1 Nxh2+ 21. Rxh2 Re8 22. Nf3 Nc6 23. Bd3 a6 24. Qd2 Qd6 25. Rh3 Nd8 26. Bc2 Ne6 27. Bb3 b5 28. a3 a5 29. Ne5 Ng5 30. Rd3 Ne6 31. Kg1 Nc7 32. Qxf4 Bxe5 33. dxe5 Rxe5 34. Re3 f6 35. g3 Qe7 36. Rxe5 Qxe5 37. Qd2 h4 38. gxh4 Qf5 39. Qe2 Ne6 40. Bc2 Qh3 41. Qe3 Qg4+ 42. Qg3 Qh5 43. f4 f5 44. Qf2 Qg4+ 45. Kh2 Nxf4 46. Qg3 Qe2+ 47. Kg1 Qxc2 48. Qxf4 Qb1+ 49. Kh2 Qxb2+ 50. Kg1 Qxc3 51. Qg5 Qd4+ 52. Kh1 Qf6 0-1

[Event "Romanian Championship 2024"]
[Site "Eforie Nord"]
[Date "2024.03.01"]
[Round "8.19"]
[White "Craciun, Sasha-Matei"]
[Black "Mintau, Andrei-Catalin"]
[Result "1-0"]
[ECO "B38"]
[WhiteElo "2080"]
[BlackElo "2039"]
[Annotator "NA RC"]
[PlyCount "81"]
[EventDate "2024.02.24"]
[EventType "swiss"]
[EventCountry "ROU"]
[SourceTitle "playchess.com"]
[Source "ChessBase"]
[SourceQuality "1"]
[TimeControl "40/5400+30:900+30"]

1. e4 c5 2. Nf3 g6 3. d4 cxd4 4. Nxd4 Bg7 5. c4 Nc6 6. Be3 d6 7. Nc3 Nf6 8. Be2 O-O 9. f3 Bd7 10. Qd2 Nxd4 11. Bxd4 Bc6 12. O-O-O a6 13. Kb1 Rb8 $16 14. h4 b5 15. h5 e5 16. Ba7 Rb7 17. Be3 b4 18. Nd5 Bxd5 19. cxd5 Nxh5 20. Bxa6 Rb8 21. Rc1 Qd7 22. Ka1 b3 23. a3 f5 24. Bd3 fxe4 25. Bxe4 Ng3 26. Rh4 Nf5 27. Rh3 Rfc8 28. Rc6 Qf7 29. Bf2 Nd4 30. Rxc8+ Rxc8 31. Rh1 Qc7 32. Kb1 Qc4 33. Rc1 Nc2 34. Bxc2 Bh6 35. Qxh6 bxc2+ 36. Ka1 Qxd5 37. Qe3 Qc4 38. Be1 d5 39. Qc3 Qa6 40. Qxe5 Qf1 41. Qe6+ 1-0

[Event "Romanian Championship 2024"]
[Site "Eforie Nord"]
[Date "2024.03.01"]
[Round "8.20"]
[White "Ciocani, Iosif"]
[Black "Armenciu, Bogdan-Ovidiu"]
[Result "1/2-1/2"]
[ECO "B09"]
[WhiteElo "2063"]
[BlackElo "1936"]
[Annotator "NA RC"]
[PlyCount "101"]
[EventDate "2024.02.24"]
[EventType "swiss"]
[EventCountry "ROU"]
[SourceTitle "playchess.com"]
[Source "ChessBase"]
[SourceQuality "1"]
[TimeControl "40/5400+30:900+30"]

1. e4 d6 2. d4 Nf6 3. Nc3 g6 4. f4 Bg7 5. Nf3 c5 6. Bb5+ Bd7 7. e5 Ng4 8. Bxd7+ Qxd7 9. h3 cxd4 10. Qxd4 Nc6 11. Qe4 Nh6 12. Be3 dxe5 13. fxe5 $14 Nf5 14. Bf4 e6 15. g4 Nfe7 16. Nb5 O-O 17. Rd1 Qc8 18. c4 a6 19. Nd6 Qc7 20. O-O b5 21. b3 bxc4 22. bxc4 Rab8 23. Rb1 Qa5 24. Rxb8 Rxb8 25. Ng5 Nxe5 26. Ndxf7 Nxf7 27. Qxe6 Qb6+ 28. Qxb6 Rxb6 29. Nxf7 Kxf7 30. Bd6+ Ke6 31. c5 Rxd6 32. cxd6 Kxd6 33. Rf7 Bd4+ 34. Kg2 h5 35. gxh5 gxh5 36. Kf3 Nd5 37. Ke4 Bb2 38. Rf5 Nf6+ 39. Kf4 Bc3 40. Kg5 Ne4+ 41. Kg6 a5 42. Rxh5 a4 43. Rb5 a3 44. h4 Bb2 45. h5 Nc3 46. Rb8 Nxa2 47. h6 Nc1 48. h7 Kc7 49. Rb4 Kd6 50. Rb8 Kc7 51. Rb4 1/2-1/2

[Event "Romanian Championship 2024"]
[Site "Eforie Nord"]
[Date "2024.03.01"]
[Round "8.21"]
[White "Stanica, Andrei"]
[Black "Gales, Randi-Ioan"]
[Result "1-0"]
[ECO "B22"]
[WhiteElo "1720"]
[BlackElo "2062"]
[Annotator "NA RC"]
[PlyCount "121"]
[EventDate "2024.02.24"]
[EventType "swiss"]
[EventCountry "ROU"]
[SourceTitle "playchess.com"]
[Source "ChessBase"]
[SourceQuality "1"]
[TimeControl "40/5400+30:900+30"]

1. e4 c5 2. c3 Nf6 3. e5 Nd5 4. Nf3 d6 5. d4 cxd4 6. cxd4 Nc6 7. Bc4 Nb6 8. Bb3 dxe5 9. dxe5 Qxd1+ 10. Kxd1 Bg4 11. Bf4 Nd4 12. Nbd2 e6 13. Ke1 Bxf3 14. Nxf3 Bb4+ 15. Bd2 Nxb3 16. axb3 Bxd2+ $11 17. Nxd2 Ke7 18. Ke2 Nd5 19. g3 Rhd8 20. Nc4 f6 21. Rhd1 fxe5 22. Nxe5 Rd6 23. f4 a6 24. Nc4 Rc6 25. Rd2 Rac8 26. Rad1 b5 27. Ne3 Nxe3 28. Kxe3 Rc2 29. Rd7+ Kf6 30. R1d2 R8c7 31. Rd8 Rxd2 32. Kxd2 Rc6 33. Rf8+ Ke7 34. Rg8 Kf7 35. Rd8 h6 36. h4 Rc5 37. Rd6 a5 38. Rd7+ Kf6 39. g4 h5 40. g5+ Kf5 41. Rxg7 Kxf4 42. Rf7+ Kg4 43. g6 Kxh4 44. Rf1 Rd5+ 45. Ke3 Re5+ 46. Kd4 Rd5+ 47. Ke4 Kh3 48. Rg1 Kh2 49. g7 Kxg1 50. g8=Q+ Kf1 51. Qxe6 Rd2 52. Qh3+ Ke1 53. Qh1+ Kf2 54. Qxh5 a4 55. Qxb5 axb3 56. Qxb3 Re2+ 57. Kf4 Kg1 58. Qg3+ Kh1 59. Qf3+ Rg2 60. b4 Kh2 61. Qxg2+ 1-0

[Event "Romanian Championship 2024"]
[Site "Eforie Nord"]
[Date "2024.03.01"]
[Round "8.22"]
[White "Negrean, Andrei"]
[Black "Constantinoiu, Alexandru Ioan"]
[Result "1-0"]
[ECO "D13"]
[WhiteElo "1990"]
[BlackElo "1754"]
[Annotator "NA RC"]
[PlyCount "107"]
[EventDate "2024.02.24"]
[EventType "swiss"]
[EventCountry "ROU"]
[SourceTitle "playchess.com"]
[Source "ChessBase"]
[SourceQuality "1"]
[TimeControl "40/5400+30:900+30"]

1. Nf3 d5 2. d4 Nf6 3. c4 c6 4. cxd5 cxd5 5. Nc3 e6 6. Bf4 a6 7. Rc1 b5 8. e3 Bb7 9. Bd3 Bd6 10. Ne5 O-O 11. O-O Qe7 12. Bg5 h6 13. Bh4 Qd8 14. Bb1 Re8 15. Qc2 Be7 16. Bxf6 Bxf6 17. Qh7+ Kf8 18. e4 Bxe5 19. dxe5 d4 20. Ne2 Nd7 21. Ng3 Nxe5 22. Nh5 Ke7 23. Qxg7 Qd6 24. f4 Nc4 25. f5 exf5 26. Rxf5 Qg6 27. Qxd4 Rg8 28. Nf4 Qd6 29. Rxc4 bxc4 30. Rxf7+ Kxf7 31. Qxd6 Rad8 32. Qc7+ Ke8 33. Qxb7 Rd1+ 34. Kf2 Rxb1 35. Qc8+ Kf7 36. Qe6+ Kf8 37. Qxh6+ Kf7 38. Qe6+ Kf8 39. Qc8+ Kg7 40. Qc7+ Kh8 41. Qe5+ Kh7 42. Qh5+ Kg7 43. Qg6+ Kf8 44. Ne6+ Ke7 45. Qxg8 Rxb2+ 46. Kf3 c3 47. Nf4 Rd2 48. Qg7+ Ke8 49. Qxc3 Rxa2 50. Qc7 Ra3+ 51. Kg4 Ra2 52. Kf5 Rf2 53. Ke6 Rxf4 54. Qc8# 1-0

[Event "Romanian Championship 2024"]
[Site "Eforie Nord"]
[Date "2024.03.01"]
[Round "8.23"]
[White "Mazilu, Stefan Fabian"]
[Black "Danila, Tudor-Gabriel"]
[Result "0-1"]
[ECO "D00"]
[WhiteElo "2036"]
[BlackElo "1901"]
[Annotator "NA RC"]
[PlyCount "80"]
[EventDate "2024.02.24"]
[EventType "swiss"]
[EventCountry "ROU"]
[SourceTitle "playchess.com"]
[Source "ChessBase"]
[SourceQuality "1"]
[TimeControl "40/5400+30:900+30"]

1. d4 Nf6 2. Nc3 d5 3. Bf4 e6 4. e3 Bb4 5. Nge2 O-O 6. a3 Ba5 7. b4 Bb6 8. Ng3 Re8 9. Nh5 Nbd7 10. Nxf6+ Qxf6 11. Be2 c6 12. O-O e5 13. dxe5 Nxe5 14. Na4 Bf5 15. Nxb6 axb6 16. a4 Ng6 17. Bc7 Qe7 18. Bxb6 Qxb4 19. a5 Ne5 20. Qc1 Qc3 21. Ra2 Nc4 22. Bd4 Qb4 23. Qa1 f6 24. Rb1 Qe7 25. Bxc4 dxc4 26. Rb6 c5 27. Bc3 Qf7 28. Rab2 Qg6 29. Qf1 Rad8 30. Qxc4+ Kh8 31. Rb1 Bxc2 32. Rc1 Be4 33. Qf1 Qg5 34. h3 Bd3 35. Qd1 h5 36. Kh2 Be4 37. Qf1 Rd3 38. f3 Bh7 39. e4 Rxc3 40. f4 Qg3+ 0-1

[Event "Romanian Championship 2024"]
[Site "Eforie Nord"]
[Date "2024.03.02"]
[Round "9.1"]
[White "Magold, Filip"]
[Black "Parligras, Mircea-Emilian"]
[Result "1/2-1/2"]
[ECO "C65"]
[WhiteElo "2400"]
[BlackElo "2539"]
[Annotator "TA"]
[PlyCount "23"]
[EventDate "2024.02.24"]
[EventType "swiss"]
[EventCountry "ROU"]
[SourceTitle "playchess.com"]
[Source "ChessBase"]
[SourceQuality "1"]
[TimeControl "40/5400+30:900+30"]

1. e4 e5 2. Nf3 Nc6 3. Bb5 Nf6 4. d3 Bc5 5. c3 O-O 6. O-O d5 7. exd5 Qxd5 8. Bc4 {[%emt 0:00:03] White has an edge.} Qd8 9. Nbd2 a6 10. b4 Bd6 11. a4 h6 12. h3 {[%emt 0:04:55] Weighted Error Value: White=0.00 (flawless) /Black=0.03 (flawless) .  OK:         	White=3     	Black=3} 1/2-1/2

[Event "Romanian Championship 2024"]
[Site "Eforie Nord"]
[Date "2024.03.02"]
[Round "9.2"]
[White "Lupulescu, Constantin"]
[Black "Nevednichy, Vladislav"]
[Result "1-0"]
[ECO "B07"]
[WhiteElo "2589"]
[BlackElo "2451"]
[Annotator "TA"]
[PlyCount "69"]
[EventDate "2024.02.24"]
[EventType "swiss"]
[EventCountry "ROU"]
[SourceTitle "playchess.com"]
[Source "ChessBase"]
[SourceQuality "1"]
[TimeControl "40/5400+30:900+30"]

1. d4 d6 2. e4 Nf6 3. Nc3 e5 4. Nge2 Nbd7 5. g3 c6 6. a4 Be7 7. Bg2 O-O 8. O-O Re8 9. h3 Bf8 10. g4 exd4 11. Qxd4 {[%emt 0:03:04] White is slightly better.} h6 12. Ng3 g6 13. Be3 Ne5 14. f4 Ned7 ({Black should play} 14... Nexg4 $14 15. hxg4 Nxg4) 15. Qd2 {[%emt 0:00:00] White has more active pieces.} Nh7 16. a5 a6 17. Na4 Rb8 18. Ba7 Ra8 19. Bf2 Rb8 20. Ba7 Ra8 21. Bf2 Rb8 $1 22. Rad1 Qc7 23. Rfe1 c5 24. b4 b5 25. axb6 Nxb6 26. Nxb6 Rxb6 {[%emt 0:00:00] [#]} 27. bxc5 dxc5 28. e5 {[%emt 0:00:00] Prevents Rd6} g5 29. Ne4 Bb7 30. f5 {[%emt 0:00:00] Bg3 would now be deadly.} ({Worse is} 30. fxg5 Bxe4 31. Rxe4 (31. Bxe4 Nxg5 32. Bg3 Nxe4 $11) 31... Nxg5 $14) 30... Bxe4 31. Bxe4 c4 $2 {[%emt 0:00:00] [#]} (31... Rxe5 {is tougher.} 32. Bg3 Bd6) 32. Qd7 $18 {[%emt 0:09:00] White is clearly winning.} ({Weaker is} 32. Bxb6 Qxb6+ 33. Kg2 (33. Qd4 $2 Bc5 $19) 33... Rxe5 $18) 32... Qxd7 33. Rxd7 Rb5 {[%emt 0:00:00] Black is weak on the light squares} 34. Bd5 {[%emt 0:00:00] A strong pair of Bishops.} Re7 35. Rd8 {[%emt 0:00:00] Weighted Error Value: White=0.26 (precise) /Black=0.32.  Mistake:       	---       	Black=2      Inaccurate:     	White=1     	Black=1      OK:         	White=10    	Black=4      Best:        	White=2     	Black=1      Strong:       	---       	Black=1} 1-0

[Event "Romanian Championship 2024"]
[Site "Eforie Nord"]
[Date "2024.03.02"]
[Round "9.3"]
[White "Gavrilescu, David"]
[Black "Cosma, Ioan"]
[Result "1-0"]
[ECO "B56"]
[WhiteElo "2523"]
[BlackElo "2316"]
[Annotator "TA"]
[PlyCount "79"]
[EventDate "2024.02.24"]
[EventType "swiss"]
[EventCountry "ROU"]
[SourceTitle "playchess.com"]
[Source "ChessBase"]
[SourceQuality "1"]
[TimeControl "40/5400+30:900+30"]

1. e4 c5 2. Nf3 Nc6 3. d4 cxd4 4. Nxd4 Nf6 5. Nc3 d6 6. Bb5 Bd7 7. Be3 Ng4 8. Nxc6 Nxe3 9. Nxd8 {[%emt 0:00:05] A dynamic duo of knights.} Nxd1 10. Nxf7 {[%emt 0:00:04] White is slightly better.} (10. Nxb7 $2 Nxc3 11. Bxd7+ Kxd7 $19) 10... Nxc3 11. Bxd7+ (11. Nxh8 $2 Nxb5 12. h4 g6 $19) 11... Kxf7 ({Of course not} 11... Kxd7 $6 12. Nxh8 (12. bxc3 Rg8 $14) 12... Na4 13. e5 $18 (13. Nf7 g6 $18)) 12. bxc3 e6 {[%emt 0:00:20] Black is weak on the light squares} 13. Rb1 b6 14. Kd2 Ke7 15. Bb5 Rc8 16. h4 g6 17. h5 (17. Rb3 $14 {is superior.}) 17... Bg7 18. c4 Rc5 19. Rb3 Rg5 20. hxg6 Rxg2 (20... hxg6 $11 21. Rxh8 Bxh8) 21. gxh7 $14 Rxf2+ 22. Kd1 ({But not} 22. Ke3 Rxc2 23. Rbb1 Rxa2 $15) 22... Be5 23. Ra3 a5 24. Rah3 (24. c5 $5 dxc5 25. Bc4 $16) 24... Rg2 25. Ba4 Rg4 26. Bc6 Bd4 27. c3 Be5 28. Kc2 Kd8 29. Rh6 Ke7 30. R1h3 Rg3 31. Rxg3 Bxg3 $16 {[%emt 0:00:06][%mdl 4096] Endgame. KRB-KRB} 32. Kb3 Be5 33. c5 bxc5 {[%emt 0:03:39] [#]} (33... dxc5 $16 34. Kc4 Rf8) 34. c4 $1 $18 Kf7 35. Ka4 Kg7 $2 (35... Bc3 36. Rh3 Bd4 37. Kxa5 Rb8) 36. Rxe6 Kxh7 $2 (36... Bc3 {was called for.} 37. Re7+ (37. Rxd6 Rxh7 38. Rd7+ Kg6 $18) 37... Kh6) 37. Kxa5 {[%emt 0:01:16][%cal Oe6e5] aiming for Rxe5! White is clearly winning.} Kg7 (37... Rb8 $142 38. a4 Bg3) 38. a4 (38. Rxe5 $142 Rh2 39. Re6) 38... Rh3 (38... Rb8 $142 39. Ka6 Rb1) 39. Kb6 {[%emt 0:01:31][%cal Oe6e5] [#] And now Rxe5! would win.} Rb3+ 40. Bb5 {[%emt 0:00:00] Weighted Error Value: White=0.26 (precise) /Black=0.32.  Mistake:       	White=2     	Black=6      Inaccurate:     	White=3     	Black=4      OK:         	White=16    	Black=9      Best:        	White=3     	Black=3} 1-0

[Event "Romanian Championship 2024"]
[Site "Eforie Nord"]
[Date "2024.03.02"]
[Round "9.4"]
[White "Ognean, Mihnea-Ionut"]
[Black "Ghimpu, Samuel-Timotei"]
[Result "0-1"]
[ECO "D33"]
[WhiteElo "2382"]
[BlackElo "2467"]
[Annotator "RC"]
[PlyCount "174"]
[EventDate "2024.02.24"]
[EventType "swiss"]
[EventCountry "ROU"]
[SourceTitle "playchess.com"]
[Source "ChessBase"]
[SourceQuality "1"]
[TimeControl "40/5400+30:900+30"]

1. Nf3 c5 2. c4 Nc6 3. Nc3 Nf6 4. g3 e6 5. Bg2 d5 6. cxd5 exd5 7. d4 c4 8. a3 Be7 9. O-O h6 10. Ne5 O-O 11. Bf4 Na5 12. Qc2 Be6 13. f3 b5 14. Rad1 Qb6 15. g4 Nb3 16. e3 a5 17. h4 b4 18. Ne2 Nd7 19. Nxd7 Bxd7 20. g5 hxg5 21. hxg5 Qg6 22. Qxg6 fxg6 23. Be5 Bc6 24. e4 dxe4 25. d5 Bc5+ 26. Kh2 Bb5 27. fxe4 c3 28. Rxf8+ Rxf8 29. Nxc3 bxc3 30. Bxc3 Be2 31. Re1 Bc4 32. Rd1 Be2 33. Re1 Bc4 34. Rd1 Be3 35. e5 Nc5 36. d6 Bf4+ 37. Kg1 Be3+ 38. Kh2 Kf7 39. Bh3 Be6 40. Rf1+ Ke8 41. Rxf8+ Kxf8 42. Bxa5 Bf4+ 43. Kg2 Bxh3+ 44. Kxh3 Bxe5 45. b4 Ne6 46. b5 Bxd6 47. a4 Ke7 48. Bc3 Bc5 49. a5 Kd6 50. Kg4 Kd5 51. b6 Kc6 52. Kf3 Be7 53. Ke4 Bxg5 54. Kf3 Bf6 55. Bb4 Kb5 56. Kg4 Nd8 57. Bf8 Kxa5 58. Bxg7 Bxg7 59. Kg5 Kxb6 60. Kxg6 Bd4 61. Kf5 Kc5 62. Ke4 Ne6 63. Kf3 Kd5 64. Kg4 Ke4 65. Kg3 Be3 66. Kg2 Kf4 67. Kh1 Kf3 68. Kh2 Nf4 69. Kh1 Bf2 70. Kh2 Bg3+ 71. Kh1 Nd3 72. Kg1 Nf2 73. Kf1 Bh2 74. Ke1 Ne4 75. Kd1 Ke3 76. Kc2 Nd2 77. Kb2 Bd6 78. Kc3 Bc5 79. Kc2 Bb4 80. Kb2 Kd3 81. Kc1 Nc4 82. Kb1 Kd2 83. Ka1 Kc2 84. Ka2 Ba3 85. Ka1 Bc1 86. Ka2 Nd2 87. Ka1 Ne4 0-1

[Event "Romanian Championship 2024"]
[Site "Eforie Nord"]
[Date "2024.03.02"]
[Round "9.5"]
[White "Cnejev, Vladimir-Alexandru"]
[Black "Manolache, Marius"]
[Result "1-0"]
[ECO "B12"]
[WhiteElo "2311"]
[BlackElo "2387"]
[Annotator "TA"]
[PlyCount "73"]
[EventDate "2024.02.24"]
[EventType "swiss"]
[EventCountry "ROU"]
[SourceTitle "playchess.com"]
[Source "ChessBase"]
[SourceQuality "1"]
[TimeControl "40/5400+30:900+30"]

1. e4 c6 2. d4 Na6 3. Nf3 Nc7 4. Bd3 d6 5. O-O g6 6. c3 Bg7 7. h3 Nf6 8. Re1 {[%emt 0:01:14] White is slightly better.} O-O 9. Nbd2 Nh5 10. Nc4 d5 11. exd5 Nxd5 12. Nce5 Nhf4 13. Bf1 {[%emt 0:04:02] And now c4 would win.} Ne6 14. c4 Nb6 15. b3 a5 16. Bb2 a4 17. Qc2 axb3 18. axb3 Rxa1 19. Bxa1 Nf4 20. Bc3 (20. Qc1 $142 Bh6 21. Qc3) 20... Nd7 $16 21. Nxd7 Bxd7 22. Bb4 Bf6 23. Qd2 Ne6 24. d5 cxd5 (24... Nc7 $16) 25. cxd5 $18 Nc7 26. Ba5 $1 b6 27. Bxb6 Qb8 28. Bc5 {[%emt 0:04:06] White is more active.} Re8 29. Bc4 Nb5 30. Re2 $36 {[%emt 0:02:32][%mdl 2048] White is on the roll.} Nd6 {[%emt 0:02:05] [#]} 31. Bd4 $1 Rc8 32. Bxf6 exf6 33. Qf4 Qb6 {[%emt 0:03:41] [#]} 34. Re7 $1 (34. Qxf6 Nxc4 35. Qe7 Qxb3 (35... Re8 36. Qxe8+ Bxe8 37. Rxe8+ Kg7 38. bxc4 $16) 36. Qxd7 Qb8 $11) 34... Be8 $2 (34... Bf5 $16 35. Nd4 g5) 35. Nd4 (35. Qxf6 Nxc4 36. Qc3 Qd8 37. Rxe8+ Qxe8 $19) 35... Qd8 (35... Rc7 $142) 36. Qxf6 {[%emt 0:00:30][%cal Od4e6] Ne6! is the strong threat.} Rc7 {[%emt 0:01:05] [#]} 37. Ne6 $1 {[%emt 0:00:05][%mdl 512] Weighted Error Value: White=0.08 (flawless) /Black=0.36.  Loses game:     	---       	Black=1      Mistake:       	White=1     	Black=2      Inaccurate:     	White=1     	Black=4      OK:         	White=9     	Black=10     Best:        	White=2     	Black=3      Strong:       	White=3     	---} 1-0

[Event "Romanian Championship 2024"]
[Site "Eforie Nord"]
[Date "2024.03.02"]
[Round "9.6"]
[White "Bonte, Andrei-Mihai"]
[Black "Ilinca, Felix-Antonio"]
[Result "0-1"]
[ECO "A43"]
[WhiteElo "2266"]
[BlackElo "2415"]
[Annotator "TA"]
[PlyCount "70"]
[EventDate "2024.02.24"]
[EventType "swiss"]
[EventCountry "ROU"]
[SourceTitle "playchess.com"]
[Source "ChessBase"]
[SourceQuality "1"]
[TimeControl "40/5400+30:900+30"]

1. d4 Nf6 2. Nf3 c5 3. d5 b5 4. e4 Nxe4 5. Bd3 Qa5+ $1 6. Nbd2 {[%emt 0:00:14][%mdl 1024] White has compensation.} Nf6 7. O-O c4 8. Be4 {[%emt 0:00:40] The position is equal.} d6 {[%emt 0:00:51] [#]} 9. a4 $1 a6 (9... g6 10. Nd4) 10. Re1 (10. b4 $5 cxb3 11. Bb2 $14 (11. cxb3 g6 $14) (11. Nxb3 Qc7 $14)) 10... Bb7 {[%emt 0:03:55] [#]} 11. b4 $1 Qc7 {[%emt 0:12:40] [#]} (11... Qxb4 12. Ba3 Qa5 (12... Qxa4 $2 13. Bxd6 $18) 13. axb5 axb5 14. Qb1 $16 (14. Bb2 Qb6 $16)) (11... Qb6 12. Bb2) 12. Nd4 ({Only move:} 12. axb5 $1 $16 {[%cal Ob5b6] Hoping for b6!} axb5 13. Rxa8 Bxa8 14. Nd4) 12... c3 ({Black should try} 12... g6 $11) 13. N2b3 (13. Nb1 $1 $14) 13... e5 (13... Bxd5 $2 14. Bxd5 bxa4 15. Bxa8 $18) (13... Nxe4 $11 {keeps the balance.} 14. Rxe4 Qc4) 14. Bf3 (14. dxe6 $142 $1 Nxe4 15. axb5) 14... Be7 $16 15. Nf5 O-O $1 16. axb5 axb5 17. Rxa8 Bxa8 18. Qd3 (18. Nbd4 $16) 18... Rc8 (18... Re8 $11) 19. Nxe7+ ({Of course not} 19. Qxb5 Bf8 $11) (19. Bg5 $1 $16 {[%cal Oe1a1] And now Ra1! would win.} Bd8 20. Bxf6 (20. Qxb5 Nbd7 $14) 20... Bxf6 21. Ra1 (21. Qxb5 Nd7 $14)) 19... Qxe7 $11 20. Bg5 {[%emt 0:04:52][%cal Og5f6] Bxf6! would now be deadly.} Nbd7 21. Qxb5 (21. Nd4 {with more complications.} Rc4 22. Nxb5 Rxb4 23. Ra1) 21... h6 22. Bxf6 Nxf6 23. Na5 {[%emt 0:02:05] Repels Qb7} (23. Nd4 $5) 23... e4 24. Bxe4 {[%emt 0:19:47] This costs White the game.} Nxe4 $19 25. Nc6 (25. Qd3 $142 Re8 26. Nc6 Bxc6 27. dxc6) 25... Bxc6 26. dxc6 {[%emt 0:00:15] [#]} d5 $1 27. Qxd5 Nf6 28. Rxe7 Nxd5 {[%emt 0:00:06][%mdl 4096] Endgame. KRN-KR} 29. Re4 Rxc6 {[%emt 0:00:11] ...Rb6 is the strong threat.} 30. Rd4 Nc7 31. Rd8+ Kh7 32. Rc8 {[%emt 0:00:21] [#]} Rd6 $1 33. g3 (33. Kf1 Nd5) 33... Nb5 {[%emt 0:00:08] aiming for ...Rd2. Black is winning.} 34. Kg2 Rd4 35. Rb8 Rxb4 {[%emt 0:00:05] Weighted Error Value: White=0.31/Black=0.18 (very precise) .  Mistake:       	White=7     	Black=3      Inaccurate:     	White=1     	---        OK:         	White=11    	Black=14     Best:        	White=2     	Black=1      Strong:       	---       	Black=1      Brilliant:      	White=1     	Black=1} 0-1

[Event "Romanian Championship 2024"]
[Site "Eforie Nord"]
[Date "2024.03.02"]
[Round "9.7"]
[White "Antal, Hunor-Zoltan"]
[Black "Stoleriu, George"]
[Result "1/2-1/2"]
[ECO "E90"]
[WhiteElo "2272"]
[BlackElo "2391"]
[Annotator "RC"]
[PlyCount "205"]
[EventDate "2024.02.24"]
[EventType "swiss"]
[EventCountry "ROU"]
[SourceTitle "playchess.com"]
[Source "ChessBase"]
[SourceQuality "1"]
[TimeControl "40/5400+30:900+30"]

1. c4 Nf6 2. Nf3 g6 3. Nc3 Bg7 4. d4 d6 5. e4 O-O 6. h3 c5 7. d5 e6 8. Bd3 exd5 9. exd5 Re8+ 10. Be3 Nh5 11. O-O Rxe3 12. fxe3 Ng3 13. Re1 Nd7 14. Ne2 Nxe2+ 15. Qxe2 Ne5 16. Rab1 a5 17. Rf1 Qe7 18. Bc2 Bd7 19. Nxe5 Bxe5 20. Rf3 Ra6 21. Rbf1 f6 22. a4 Ra8 23. Qd3 b6 24. g4 Qg7 25. R1f2 Qh6 26. b3 Re8 27. Kf1 Kf7 28. Ke1 Ke7 29. Kd1 Kd8 30. Kc1 Qg5 31. Kb1 Kc7 32. Qd2 Kd8 33. Rg2 Kc7 34. Qf2 Bc3 35. h4 Qe5 36. Qg3 Qe7 37. h5 g5 38. h6 Rf8 39. Bd3 Rf7 40. Qf2 Kd8 41. Qc2 Be5 42. Rh3 Bc8 43. Be4 Bd7 44. Qd3 Bc8 45. Kc2 Bd7 46. Bf5 Bxf5 47. Qxf5 Qd7 48. Qe4 Ke8 49. Kd3 Kf8 50. Rf2 Kg8 51. Rf1 Kf8 52. Rhf3 Kg8 53. Rf5 Qe7 54. R1f2 Kf8 55. Ke2 Kg8 56. R5f3 Qd7 57. Kd3 Kf8 58. Rf1 Kg8 59. R3f2 Kf8 60. Qf3 Kg8 61. Qh3 Kf8 62. Rf5 Qe7 63. Qh1 Kg8 64. Qe4 Kf8 65. Ke2 Kg8 66. Kf3 Kf8 67. Kg2 Kg8 68. R5f3 Qd7 69. R3f2 Kf8 70. Rf5 Qe7 71. Re1 Kg8 72. Qd3 Kf8 73. Rf2 Qd7 74. Qe4 Kg8 75. Rg1 Kf8 76. Kf1 Kg8 77. Ke2 Kf8 78. Kd3 Kg8 79. Rgf1 Kf8 80. Rg2 Kg8 81. Qf5 Qxf5+ 82. Rxf5 Kf8 83. Rgf2 Ke7 84. Ke4 Rf8 85. R5f3 Rc8 86. Rf1 Rb8 87. Rf5 Rd8 88. Rd1 Rf8 89. Rd2 Rf7 90. Rf3 Rf8 91. Rdf2 Rc8 92. Rf5 Rd8 93. Kf3 Rc8 94. Re2 Rd8 95. Ke4 Rc8 96. Rf3 Rb8 97. Kf5 Rc8 98. Ke4 Rb8 99. Rd2 Rd8 100. Rf5 Rf8 101. Rdf2 Rc8 102. Rd2 Rf8 103. Rdf2 1/2-1/2

[Event "Romanian Championship 2024"]
[Site "Eforie Nord"]
[Date "2024.03.02"]
[Round "9.8"]
[White "Tudor, Henry Edward"]
[Black "Secheres, Adrian-Simion"]
[Result "1-0"]
[ECO "A49"]
[WhiteElo "2239"]
[BlackElo "2371"]
[Annotator "TA"]
[PlyCount "71"]
[EventDate "2024.02.24"]
[EventType "swiss"]
[EventCountry "ROU"]
[SourceTitle "playchess.com"]
[Source "ChessBase"]
[SourceQuality "1"]
[TimeControl "40/5400+30:900+30"]

1. Nf3 Nf6 2. b3 g6 3. Bb2 Bg7 4. g3 O-O 5. Bg2 d6 6. d4 b5 7. O-O Bb7 8. Qd3 a6 {[%emt 0:00:59] Die Stellung ist ausgeglichen.} 9. c4 bxc4 10. bxc4 Nbd7 11. Nbd2 Rb8 {[%emt 0:06:17] [#] Droht stark ...Bxf3.} 12. Rab1 Re8 13. Bc3 Ba8 14. e4 e5 15. d5 Nc5 16. Qc2 c6 17. Rxb8 Qxb8 18. Rb1 Qa7 19. Ne1 Ng4 20. Ba5 $36 {[%emt 0:20:47][%mdl 2048] Weiss kämpft um Vorteil.} Nd7 {[%emt 0:01:00] Gegen Bb6 gerichtet.} (20... Nxf2 $2 21. Bb6 Qe7 22. Bxc5 $18 (22. Kxf2 Nd7 $18)) 21. Nd3 f5 ({Günstiger ist} 21... Rc8 $14) 22. Qa4 ({Vorzuziehen ist} 22. h3 $16 Ngf6 23. exf5 cxd5 24. cxd5) 22... cxd5 (22... Qd4 $1 $11 23. dxc6 Nc5) 23. cxd5 Ngf6 (23... Rc8 $14) 24. Rc1 {[%emt 0:00:00] Weiß steht aktiver.} Qd4 25. Qxd4 exd4 26. f3 Bh6 27. Rc7 Be3+ 28. Kf1 fxe4 (28... Nb6 $16) 29. fxe4 $18 Nf8 (29... Bxd2 {war einen Versuch wert.} 30. Bxd2 Nb6) 30. Nc4 Nxe4 31. Bxe4 Rxe4 32. Nb6 (32. Nxd6 Bxd5 33. Rc5 (33. Nxe4 Bxe4 34. Nf2 Bf3 $18) 33... Ba8 $18) 32... Bxd5 (32... Bg5 {war nötig.} 33. Ra7 (33. Nxa8 Bd8 $18) 33... Re3) 33. Nxd5 {[%emt 0:00:01] [#] Droht Nf6+ und aus. Ein dynamisches Springerpaar. Weiß steht klar auf Gewinn.} Kh8 34. Nf6 Re6 35. Rf7 Bh6 36. Bb6 {[%emt 0:00:23] Gewichteter Fehlerwert: Weiß=0.11 (sehr präzise) /Schwarz=0.37.  Fehler:       	Weiß=1     	Schwarz=6     Ungenau:       	Weiß=1     	Schwarz=2     OK:         	Weiß=13    	Schwarz=10    Bester:       	Weiß=1     	Schwarz=1} 1-0